 Dungeon Crawl Stone Soup version 0.21-a0-450-gd87a9b2 (webtiles) character file.

304 slep the Skirmisher (level 6, -1/48 HPs)
             Began as a Demonspawn Monk on Nov 20, 2017.
             Slain by Harvester's ghost (2 damage)
             ... on level 4 of the Dungeon.
             The game lasted 00:09:21 (2667 turns).

slep the Skirmisher (Demonspawn Monk)               Turns: 2667, Time: 00:09:25

Health: -1/48      AC:  7    Str: 11    XL:     6   Next: 15%
Magic:  6/6        EV: 12    Int: 12    God:
Gold:   248        SH:  0    Dex: 17    Spells: 5/5 levels left

rFire    . . .     SeeInvis .   q - +1 whip (venom)
rCold    . . .     Gourm    .   (no shield)
rNeg     . . .     Faith    .   j - +0 ring mail
rPois    .         Spirit   .   (no helmet)
rElec    .         Reflect  .   (no cloak)
rCorr    .         Harm     .   s - +0 pair of gloves
MR       .....                  k - +0 pair of boots
Stlth    ++........             B - amulet of magic regeneration
HPRegen  0.16/turn              m - ring of flight
MPRegen  0.35/turn              (no ring)

@: lethally poisoned (-1 -> -2)
A: claws 1, demonic guardian 1, rot immunity
a: Evoke Flight


You were on level 4 of the Dungeon.
You were not hungry.

You visited 1 branch of the dungeon, and saw 4 of its levels.

You collected 248 gold pieces.

Inventory:

Hand Weapons
 a - a +0 falchion
 q - a +1 whip of venom (weapon)
Missiles
 i - 5 needles of frenzy
 E - 30 sling bullets
Armour
 b - a +0 robe
 j - a +0 ring mail (worn)
 k - a +0 pair of boots (worn)
 s - a +0 pair of gloves (worn)
Jewellery
 m - a ring of flight (left hand)
 B - an amulet of magic regeneration (around neck)
Wands
 C - a wand of flame (27/48)
Scrolls
 d - a scroll of fog {unknown}
 h - a scroll of recharging {unknown}
 l - a scroll of blinking {unknown}
 o - 2 scrolls of enchant armour {unknown}
 r - a scroll of immolation {unknown}
 t - a scroll of identify {unknown}
 v - a scroll of teleportation {unknown}
 x - a scroll of magic mapping {unknown}
 y - a scroll of fear {unknown}
 G - a scroll of amnesia {unknown}
Potions
 e - a potion of curing {unknown}
 f - 2 potions of degeneration {unknown}
 g - a potion of brilliance {unknown}
 n - 2 potions of haste {unknown}
 u - a potion of berserk rage {unknown}
 w - a potion of flight {unknown}
 z - a potion of mutation {unknown}
 D - a potion of might {unknown}
 F - 2 potions of heal wounds {unknown}
Comestibles
 c - a bread ration
 p - a royal jelly
 A - a meat ration
 H - 3 chunks of flesh


   Skills:
 + Level 4.0 Fighting
 + Level 3.4 Long Blades
 + Level 2.7 Maces & Flails
 + Level 1.8 Armour
 + Level 3.4 Dodging
 + Level 2.3 Stealth


You had 5 spell levels left.
You didn't know any spells.

Dungeon Overview and Level Annotations

Branches:
Dungeon (4/15)
 Temple: D:4-7

Altars:
Makhleb

Annotations:
D:4 Harvester's ghost, amateur OpVM


Innate Abilities, Weirdness & Mutations

You have sharp fingernails.
A weak demonic guardian rushes to your aid.
You are immune to rotting.


Message History

You hit Harvester's ghost.
Harvester's ghost is moderately damaged.
Your ufetubus misses Harvester's ghost.
Your ufetubus closely misses Harvester's ghost.
Your iron imp misses Harvester's ghost.
Harvester's ghost closely misses you.
You hit Harvester's ghost.
Harvester's ghost is heavily damaged.
You feel sick.
Your ufetubus barely misses Harvester's ghost.
Your ufetubus completely misses Harvester's ghost.
Harvester's ghost hits you.
* * * LOW HITPOINT WARNING * * *
x2 Your iron imp misses Harvester's ghost.
Your ufetubus hits Harvester's ghost. x2
You hit Harvester's ghost.
Harvester's ghost is heavily damaged.
Your ufetubus barely misses Harvester's ghost.
Your ufetubus closely misses Harvester's ghost.
Harvester's ghost hits you!
* * * LOW HITPOINT WARNING * * *
You die...

# ### #.####.####.#
#........<..#
#......####.#
##########.####.#
#......)........#
######.########.########
......W@..>..).)........
....$.55#######>########
...>....# #.........
.......o# ###########
........# #......# #.
........######.##.### #.
######..##......#.# #.
#.......#..#.# #.
#.?........#.# #.


You could see Harvester's ghost, an orc, a friendly iron imp and a friendly
ufetubus.

Vanquished Creatures
  A phantom (D:3)
  An orc priest (D:4)
  Jessica (D:2)
  An orc wizard (D:4)
  A worker ant (D:4)
  A worker ant zombie (D:3)
  4 adders
  An ooze (D:2)
  A worm (D:2)
  3 dart slugs (D:2)
  A leopard gecko (D:3)
  2 orcs (D:4)
  5 bats
  3 giant cockroaches
  8 goblins
  5 hobgoblins
  6 jackals (D:1)
  4 kobolds
  4 frilled lizards
  7 rats
60 creatures vanquished.

Notes
Turn   | Place    | Note
-------+----------+-------------------------------------------
     0 | D:1      | slep the Demonspawn Monk began the quest for the Orb.
     0 | D:1      | Reached XP level 1. HP: 18/18 MP: 1/1
   231 | D:1      | Gained mutation: You have sharp fingernails. [demonic ancestry]
   231 | D:1      | Reached XP level 2. HP: 21/24 MP: 2/2
   737 | D:2      | Reached XP level 3. HP: 29/29 MP: 3/3
   824 | D:2      | Found a burning altar of Makhleb.
  1252 | D:2      | Noticed Jessica
  1258 | D:2      | Killed Jessica
  1258 | D:2      | Reached XP level 4. HP: 35/35 MP: 4/4
  1398 | D:3      | Reached skill level 1 in Maces & Flails
  1930 | D:3      | Noticed a phantom
  1970 | D:3      | Killed a phantom
  1970 | D:3      | Reached skill level 1 in Armour
  1970 | D:3      | Gained mutation: You are immune to rotting. [demonic ancestry]
  1970 | D:3      | Reached XP level 5. HP: 20/42 MP: 5/5
  2615 | D:4      | Reached skill level 4 in Fighting
  2615 | D:4      | Gained mutation: A weak demonic guardian rushes to your aid. [demonic ancestry]
  2615 | D:4      | Reached XP level 6. HP: 45/48 MP: 6/6
  2654 | D:4      | Noticed Harvester's ghost (amateur OpVM)
  2667 | D:4      | HP: 1/48 [Harvester's ghost (9)]
  2667 | D:4      | Slain by Harvester's ghost

Vault maps used:
D:1:      saegor_arrival_simple_e
D:2:      minmay_misc_feat_plants, bloody_makhleb, uniq_jessica

Skill      XL: |  1  2  3  4  5 |
---------------+----------------+-----
Long Blades    | 3 |  3.4
Dodging        | 3 |  3.4
Stealth        | 2 |  2.3
Maces & Flails | 2 |  2.7
Armour         | 1 |  1.8
Fighting       | 4 |  4.0

Action                   |  1- 3 |  4- 6 || total
-------------------------+-------+-------++-------
Melee: Falchion          |    95 |       ||    95
       Whip              |    42 |   111 ||   153
 Stab: Sleeping          |     4 |     1 ||     5
  Eat: Chunk             |     1 |     5 ||     6
Armor: Robe              |    12 |       ||    12
       Ring mail         |    31 |    30 ||    61
Dodge: Dodged            |    92 |    52 ||   144
       Rpst.: Falchion   |    25 |       ||    25

Table legend:
 A = Spawn XP
 B = Non-spawn XP
 C = Spawn XP percentage of total XP
 D = Spawn monster count
 E = Non-spawn monster count
 F = Spawn count percentage of total count
 G = Total turns spent on level
                    A         B        C        D         E        F      G
               +---------+---------+-------+---------+---------+-------+---------
         Total |       0 |     435 |   0.0 |       0 |      60 |   0.0 |  2667
               +---------+---------+-------+---------+---------+-------+---------
           D:1 |       0 |      32 |   0.0 |       0 |      19 |   0.0 |   676
           D:2 |       0 |      89 |   0.0 |       0 |      24 |   0.0 |   713
           D:3 |       0 |     187 |   0.0 |       0 |      11 |   0.0 |   934
           D:4 |       0 |     127 |   0.0 |       0 |       6 |   0.0 |   344
               +---------+---------+-------+---------+---------+-------+---------
